Map: Frost LE

Players

ScrapPool - Winner!

  • Race: Zerg Zerg
  • League: Gold
  • Spawn Location: 11:00

Fropez

  • Race: Protoss Protoss
  • League: Gold
  • Spawn Location: 7:00

VOD

Have the link to the VOD?

Description

Time

  • Played on: Nov. 15, 2016, 7:14 p.m.
  • Length: 11:45
Show
View Real Time Build Order
Export as new Build Order

ScrapPool Zerg - Winner!

Build Orders: Hatch First 

Get SALT Encoding   

  12  0:01  Drone  
  13  0:13  Overlord  
  13  0:18  Drone  
  14  0:33  Drone x2  
  16  0:40  Drone  
  17  0:47  Drone  
  18  1:02  Hatchery  
  17  1:04  Drone  
  17  1:05  Extractor  
  17  1:08  Drone  
  18  1:20  Spawning Pool  
  18  1:23  Drone  
  18  1:30  Drone  
  19  1:40  Drone  
  20  1:51  Overlord  
  20  2:07  Queen  
  22  2:11  Zergling x2  
  22  2:14  Zergling x2  
  24  2:16  Queen  
  24  2:17  Drone  
  27  2:34  Zergling x4  
  27  2:36  Metabolic Boost  
  29  2:43  Zergling x4  
  31  2:57  Overlord, Drone x3  
  33  3:14  Queen  
  33  3:19  Pneumatized Carapace  
  35  3:21  Drone x6  
  35  3:23  Overlord  
  41  3:37  Drone  
  41  3:38  Drone  
  43  3:41  Extractor  
  43  3:44  Roach Warren  
  43  3:48  Evolution Chamber  
  39  4:21  Hatchery  
  39  4:22  Spine Crawler  
  37  4:25  Roach x3  
  37  4:26  Spine Crawler, Roach x4  
  50  4:37  Roach  
  50  4:38  Overlord x2  
  52  5:11  Roach  
  50  5:24  Overlord x2  
  50  5:27  Lair  
  50  5:28  Overlord, Zerg Missile Weapons Level 1  
  50  5:30  Drone x5  
  50  5:32  Extractor  
  50  5:34  Drone x2  
  56  5:39  Queen  
  56  5:42  Zergling x4  
  60  5:49  Drone x3  
  63  5:58  Overlord x2  
  63  6:12  Overlord  
  63  6:21  Drone x2  
  63  6:23  Extractor  
  64  6:27  Hydralisk Den  
  64  6:29  Drone x3  
  64  6:31  Evolution Chamber  
  65  6:52  Glial Reconstitution  
  65  6:53  Roach  
  65  6:54  Roach x7  
  75  6:55  Roach  
  75  6:57  Drone x2  
  83  7:09  Drone  
  83  7:10  Drone  
  83  7:11  Drone  
  83  7:13  Muscular Augments  
  86  7:17  Zerg Ground Armor Level 1  
  86  7:32  Drone x4  
  86  7:33  Drone x5  
  86  7:36  Ravager  
  86  7:37  Ravager x2  
  98  7:38  Zergling x10  
  103  8:00  Hydralisk x4  
  103  8:01  Hydralisk  
  103  8:02  Overlord x2  
  113  8:11  Drone  
  114  8:20  Overseer  
  114  8:27  Extractor  
  114  8:28  Hydralisk x3  
  114  8:29  Extractor, Hydralisk x2  
  122  8:38  Drone  
  122  8:39  Drone x2  
  122  8:40  Drone x3  
  128  8:45  Drone  
  129  9:10  Drone x2  
  129  9:12  Overlord x6  
  130  9:31  Hydralisk x9  
  143  9:55  Hydralisk x6  
  143  9:56  Hydralisk x5  
  143  9:59  Lurker Den  
  165  10:12  Overseer  
  165  10:16  Ravager x4  
  165  10:19  Overlord x2  
  169  10:24  Hatchery  
  154  11:02  Hydralisk x9  
  154  11:03  Hydralisk x4  
  147  11:13  Hydralisk  
  147  11:14  Hydralisk x2  
Show
View Real Time Build Order
Export as new Build Order

Fropez Protoss 

Build Orders:  

Get SALT Encoding   

  12  0:00  Probe (Chrono Boost)  
  13  0:11  Probe (Chrono Boost)  
  14  0:18  Pylon  
  14  0:22  Probe (Chrono Boost)  
  15  0:29  Assimilator  
  15  0:36  Probe (Chrono Boost)  
  16  0:46  Probe (Chrono Boost), Gateway  
  17  0:57  Probe (Chrono Boost)  
  18  1:08  Probe (Chrono Boost)  
  19  1:12  Gateway  
  19  1:15  Pylon  
  19  1:19  Probe (Chrono Boost)  
  20  1:33  Cybernetics Core  
  20  1:34  Probe (Chrono Boost)  
  20  1:39  Assimilator  
  22  1:47  Probe (Chrono Boost)  
  22  1:59  Probe (Chrono Boost)  
  22  2:00  Pylon  
  23  2:10  Mothership Core (Chrono Boost)  
  23  2:11  Warp Gate (Chrono Boost)  
  23  2:13  Adept  
  23  2:14  Adept  
  29  2:21  Pylon  
  29  2:30  Probe  
  29  2:51  Adept x2  
  33  3:11  Probe  
  34  3:18  Adept x2  
  38  3:23  Nexus  
  38  3:31  Probe  
  39  3:47  Pylon  
  39  3:50  Twilight Council  
  39  4:05  Probe  
  40  4:23  Probe  
  41  4:27  Gateway  
  41  4:31  Gateway  
  41  4:33  Forge  
  41  4:35  Probe  
  41  4:37  Probe  
  43  4:48  Pylon  
  43  4:55  Probe  
  43  4:56  Probe  
  45  5:01  Assimilator  
  45  5:05  Probe  
  45  5:06  Resonating Glaives  
  44  5:17  Probe  
  44  5:18  Probe  
  42  5:23  Stalker  
  42  5:25  Protoss Ground Weapons Level 1 (Chrono Boost)  
  44  5:29  Probe  
  45  5:38  Probe  
  45  5:42  Stalker x2  
  50  5:53  Photon Cannon  
  50  5:57  Pylon  
  50  5:59  Pylon  
  50  6:03  Stalker  
  52  6:17  Stalker  
  52  6:18  Stalker x2  
  58  6:26  Robotics Facility  
  58  6:41  Probe x2  
  58  6:43  Stalker x3  
  66  6:53  Probe  
  67  6:54  Gateway  
  67  7:08  Adept x4  
  75  7:16  Observer  
  75  7:21  Protoss Ground Weapons Level 2 (Chrono Boost)  
  76  7:27  Assimilator  
  76  7:41  Immortal  
  80  7:46  Nexus  
  80  8:03  Adept x3  
  86  8:18  Pylon  
  86  8:23  Pylon  
  86  8:30  Pylon  
  86  8:32  Pylon  
  86  8:34  Probe  
  86  8:35  Pylon  
  86  8:36  Probe, Immortal  
  91  8:46  Adept x5, Probe  
  91  8:48  Probe  
  103  8:56  Probe  
  103  8:58  Probe  
  103  9:00  Probe  
  106  9:09  Adept x4  
  114  9:15  Observer  
  114  9:16  Charge  
  115  9:18  Probe  
  116  9:32  Photon Cannon  
  116  9:36  Photon Cannon  
  110  10:05  Forge  
  110  10:06  Forge  
  110  10:09  Gateway  
  110  10:11  Gateway  
  110  10:19  Zealot x4  
  118  10:23  Gateway  
  118  10:24  Templar Archives  
  118  10:26  Pylon  
  118  10:37  Probe x2  
  118  10:40  Immortal  
  124  10:49  Adept x4  
  118  10:50  Adept  
  93  11:10  Zealot x5  
  64  11:35  Zealot x2  
  64  11:36  Zealot  
Tags
 
League
GoldGold
Matchup
PvZ
Replay Pack
All Mines
Spawn Locations
Close Positions
Add a new tag
Caveats
  • Supply blocks, unpowered buildings, or Contaminate may cause inaccurate times.
  • Supply counts are checked every 10 seconds.